[Event "EYCC O18-ch 2024"]
[Site "Prague"]
[Date "2024.08.22"]
[Round "1.9"]
[White "Borrmann, Laurenz"]
[Black "Salgovic, Simon"]
[Result "1-0"]
[ECO "E73"]
[WhiteElo "2427"]
[BlackElo "2144"]
[Annotator "RC"]
[PlyCount "115"]
[EventDate "2024.08.19"]
[EventType "swiss"]
[EventCountry "CZE"]
[SourceTitle "playchess.com"]
[Source "ChessBase"]
[SourceQuality "1"]
[TimeControl "5400+30"]

1. d4 Nf6 2. c4 g6 3. Nc3 Bg7 4. e4 d6 5. Be2 e5 6. dxe5 dxe5 7. Qxd8+ Kxd8 8. Nf3 Nbd7 9. O-O c6 10. Rd1 Kc7 11. Rb1 Re8 12. b4 Nf8 13. Ng5 Be6 14. h3 h6 15. Nf3 Nh5 16. Be3 Nf4 17. Bf1 g5 18. Bc5 Red8 19. Rxd8 Kxd8 20. b5 Nd7 21. Bd6 c5 22. Rd1 Ke8 23. Kh2 Ng6 24. a4 Nb6 25. Nd2 Bf8 26. Bxf8 Kxf8 27. a5 Nd7 28. Nd5 Rc8 29. Nb1 Bxd5 30. cxd5 Nf6 31. Nd2 Ke7 32. Be2 Ne8 33. Bg4 Rd8 34. Rc1 b6 35. axb6 axb6 36. Nc4 Nd6 37. Nxb6 Rb8 38. Na4 h5 39. Be2 Nf4 40. Bf1 Nxe4 41. Nxc5 Nxc5 42. Rxc5 Kd6 43. Rc6+ Kxd5 44. Rf6 Rb7 45. g3 Ne6 46. Rh6 Kd4 47. Rxh5 e4 48. h4 f6 49. Rh8 f5 50. h5 f4 51. Re8 Rb6 52. h6 Nc7 53. Rh8 f3 54. Kg1 e3 55. Rd8+ Ke4 56. h7 Rh6 57. Bd3+ Ke5 58. fxe3 1-0

[Event "EYCC O18-ch 2024"]
[Site "Prague"]
[Date "2024.08.22"]
[Round "1.9"]
[White "Babula, Vlastimil"]
[Black "Zadrapa, Jakub"]
[Result "1/2-1/2"]
[ECO "C50"]
[WhiteElo "2326"]
[BlackElo "1999"]
[Annotator "RC"]
[PlyCount "132"]
[EventDate "2024.08.19"]
[EventType "swiss"]
[EventCountry "CZE"]
[SourceTitle "playchess.com"]
[Source "ChessBase"]
[SourceQuality "1"]
[TimeControl "5400+30"]

1. e4 e5 2. Nf3 Nc6 3. Bc4 Nf6 4. d3 Bc5 5. Bg5 h6 6. Bh4 d6 7. c3 a5 8. Nbd2 Qe7 9. a4 O-O 10. h3 Be6 11. Qb3 Bxc4 12. Nxc4 g5 13. Bg3 Qd7 14. O-O-O b5 15. axb5 Ne7 16. Qa4 Rfb8 17. d4 exd4 18. e5 Ne4 19. exd6 cxd6 20. Nxd4 Nxg3 21. fxg3 Bxd4 22. Rxd4 Nf5 23. Rd5 Nxg3 24. Rhd1 Ne2+ 25. Kb1 Nf4 26. Rxd6 Qf5+ 27. Ka2 Rxb5 28. g3 Ne2 29. g4 Qf2 30. R1d2 Rab8 31. Qd1 Rxb2+ 32. Nxb2 Nxc3+ 33. Ka1 Nxd1 34. Rxf2 Nxf2 35. Rxh6 Kg7 36. Ra6 Nxh3 37. Nc4 Rb4 38. Ne3 Ra4+ 39. Kb2 Nf2 40. Kb3 Rb4+ 41. Kc3 Nxg4 42. Rxa5 Nxe3 43. Kxb4 Kg6 44. Kc3 f5 45. Kd3 Ng2 46. Ke2 g4 47. Kf2 Nf4 48. Kg3 Kg5 49. Rb5 Ne2+ 50. Kf2 Nc3 51. Rb3 Ne4+ 52. Ke3 Ng3 53. Rb5 Nh5 54. Ra5 Kf6 55. Rb5 Ng7 56. Kf4 Ne6+ 57. Kg3 Nd4 58. Ra5 Kg5 59. Kf2 Kf4 60. Ra4 Ke5 61. Kg3 Ne2+ 62. Kf2 Nc3 63. Ra5+ Kf4 64. Ra3 Ne4+ 65. Kg2 Kg5 66. Ra5 Kf4 1/2-1/2

[Event "EYCC O18-ch 2024"]
[Site "Prague"]
[Date "2024.08.22"]
[Round "1.10"]
[White "Ozen, Metehan"]
[Black "Pyrih, Roman"]
[Result "0-1"]
[ECO "B96"]
[WhiteElo "2142"]
[BlackElo "2422"]
[Annotator "RC"]
[PlyCount "144"]
[EventDate "2024.08.19"]
[EventType "swiss"]
[EventCountry "CZE"]
[SourceTitle "playchess.com"]
[Source "ChessBase"]
[SourceQuality "1"]
[TimeControl "5400+30"]

1. e4 c5 2. Nf3 d6 3. d4 cxd4 4. Nxd4 Nf6 5. Nc3 a6 6. Bg5 e6 7. f4 Nbd7 8. Qe2 Qc7 9. O-O-O b5 10. g4 b4 11. Nd5 exd5 12. exd5+ Be7 13. Nc6 Nb8 14. Bxf6 gxf6 15. Nxe7 Qxe7 16. Qd2 Qc7 17. Qd4 Nd7 18. Bh3 Qb6 19. Qe4+ Kf8 20. Rhe1 Qd8 21. Qxb4 Nc5 22. f5 h6 23. Re3 a5 24. Qf4 Ra6 25. Rde1 Kg7 26. Bf1 Rb6 27. a3 Nd7 28. Bc4 Ne5 29. Ba2 Bd7 30. h4 a4 31. Rg1 Kf8 32. Re4 Rxb2 33. Kxb2 Qb6+ 34. Rb4 Qxg1 35. Rb8+ Kg7 36. Rxh8 Kxh8 37. Qxh6+ Kg8 38. Qxf6 Qd4+ 39. Kb1 Qxg4 40. Qxd6 Bxf5 41. Qb8+ Kh7 42. Qc7 Qd1+ 43. Kb2 Qd2 44. Kb1 Kh6 45. d6 f6 46. Qc5 Kh5 47. Bf7+ Kxh4 48. Be8 Qe1+ 49. Kb2 Qe4 50. Bb5 Bd7 51. Qf2+ Kg5 52. Qg3+ Kh6 53. Bxd7 Qb7+ 54. Kc1 Qxd7 55. Qh2+ Kg6 56. Qg2+ Kf7 57. Qd5+ Qe6 58. Qb7+ Nd7 59. Qc6 Qe1+ 60. Kb2 Qe5+ 61. Kb1 Nc5 62. Qc7+ Ke6 63. Qe7+ Kd5 64. Qf7+ Kxd6 65. Qf8+ Kd5 66. Qg8+ Qe6 67. Qa8+ Kd4 68. Qa5 f5 69. Kb2 Nd3+ 70. cxd3 Qb3+ 71. Kc1 Qc3+ 72. Qxc3+ Kxc3 0-1

[Event "EYCC O18-ch 2024"]
[Site "Prague"]
[Date "2024.08.22"]
[Round "1.10"]
[White "Rudzkis, Vilius"]
[Black "Falkevall, Axel"]
[Result "0-1"]
[ECO "D85"]
[WhiteElo "1993"]
[BlackElo "2325"]
[Annotator "RC"]
[PlyCount "64"]
[EventDate "2024.08.19"]
[EventType "swiss"]
[EventCountry "CZE"]
[SourceTitle "playchess.com"]
[Source "ChessBase"]
[SourceQuality "1"]
[TimeControl "5400+30"]

1. d4 Nf6 2. c4 g6 3. Nc3 d5 4. cxd5 Nxd5 5. Bd2 c5 6. e4 Nxc3 7. Bxc3 cxd4 8. Qxd4 Qxd4 9. Bxd4 f6 10. Rc1 Nc6 11. Be3 e5 12. f3 Bd7 13. Bc4 Rc8 14. Bb3 Bb4+ 15. Kf2 f5 16. exf5 gxf5 17. a3 Ba5 18. Ne2 f4 19. Bc5 b6 20. Bd6 Bd2 21. Rc2 Be3+ 22. Ke1 h5 23. Ba4 Kf7 24. Bxc6 Rxc6 25. Rxc6 Bxc6 26. a4 Ke6 27. Bb4 Rg8 28. Kf1 Rd8 29. Ke1 a5 30. Ba3 Bxa4 31. Nc3 Bb3 32. g3 b5 0-1

[Event "EYCC O18-ch 2024"]
[Site "Prague"]
[Date "2024.08.22"]
[Round "1.11"]
[White "Vergara Anton, Diego"]
[Black "Lang, Simon"]
[Result "1-0"]
[ECO "A46"]
[WhiteElo "2416"]
[BlackElo "2138"]
[Annotator "RC"]
[PlyCount "91"]
[EventDate "2024.08.19"]
[EventType "swiss"]
[EventCountry "CZE"]
[SourceTitle "playchess.com"]
[Source "ChessBase"]
[SourceQuality "1"]
[TimeControl "5400+30"]

1. d4 Nf6 2. Nf3 e6 3. e3 b6 4. c4 Bb7 5. Nc3 g6 6. Bd3 Bg7 7. e4 d6 8. O-O O-O 9. h3 c5 10. d5 e5 11. Ne1 Nh5 12. Be2 Nf4 13. Bf3 Nd7 14. Kh2 g5 15. g3 Ng6 16. Ng2 h6 17. Ne3 Nf6 18. Kg2 Bc8 19. Rh1 Kh7 20. Nf5 Ne7 21. Ne3 Ng6 22. h4 gxh4 23. Nf5 Rg8 24. Nxh4 Bf8 25. Nf5 Bxf5 26. exf5 Ne7 27. Qd2 Nxf5 28. Qd3 Qd7 29. Ne4 Rg6 30. Nxf6+ Rxf6 31. Bg4 Kg8 32. Qe4 Re8 33. Rh5 Nxg3 34. Bxd7 Nxe4 35. Bxe8 Rxf2+ 36. Kg1 Rc2 37. Rh2 Rxc4 38. Rg2+ Kh8 39. Bxf7 Bg7 40. Be3 Nf6 41. Rf1 Ng4 42. b3 Rb4 43. Bd2 Rd4 44. Bc3 Re4 45. Bg6 Re3 46. Bd2 1-0

[Event "EYCC O18-ch 2024"]
[Site "Prague"]
[Date "2024.08.22"]
[Round "1.11"]
[White "Koutlas, Nikolaos"]
[Black "Jusufi, Ahmet"]
[Result "1-0"]
[ECO "B50"]
[WhiteElo "2322"]
[BlackElo "1987"]
[Annotator "RC"]
[PlyCount "53"]
[EventDate "2024.08.19"]
[EventType "swiss"]
[EventCountry "CZE"]
[SourceTitle "playchess.com"]
[Source "ChessBase"]
[SourceQuality "1"]
[TimeControl "5400+30"]

1. e4 c5 2. Nf3 d6 3. Bc4 Nc6 4. O-O e6 5. Re1 Be7 6. c3 d5 7. exd5 exd5 8. Bb5 Nf6 9. Ne5 Bd7 10. Bxc6 Bxc6 11. Nxc6 bxc6 12. Qe2 Qd7 13. Kf1 Kd8 14. d3 Re8 15. Qf3 Kc7 16. h3 Bd6 17. Be3 Rab8 18. Nd2 Rxb2 19. Nb3 c4 20. dxc4 Ne4 21. cxd5 cxd5 22. Kg1 Re6 23. Bd4 Be5 24. Nc5 Nxc5 25. Bxe5+ Kc8 26. c4 Ne4 27. Bxb2 1-0

[Event "EYCC O18-ch 2024"]
[Site "Prague"]
[Date "2024.08.22"]
[Round "1.12"]
[White "Kuti, Oliver"]
[Black "Hrbek, Stepan"]
[Result "0-1"]
[ECO "B30"]
[WhiteElo "2114"]
[BlackElo "2414"]
[Annotator "RC"]
[PlyCount "82"]
[EventDate "2024.08.19"]
[EventType "swiss"]
[EventCountry "CZE"]
[SourceTitle "playchess.com"]
[Source "ChessBase"]
[SourceQuality "1"]
[TimeControl "5400+30"]

1. e4 c5 2. Nf3 Nc6 3. c3 Nf6 4. e5 Nd5 5. d4 cxd4 6. cxd4 d6 7. Bc4 Nb6 8. Bb5 dxe5 9. Nxe5 Bd7 10. Nxd7 Qxd7 11. Nc3 e6 12. O-O a6 13. Bxc6 Qxc6 14. d5 Nxd5 15. Nxd5 Rd8 16. Be3 Rxd5 17. Qg4 h5 18. Qf3 h4 19. Rac1 Qd7 20. Bf4 Bc5 21. Rfd1 Rhh5 22. Qg4 Rxd1+ 23. Rxd1 Rd5 24. Re1 Bb4 25. Rf1 e5 26. Qe2 Qb5 27. Qxb5+ axb5 28. Be3 Bc5 29. Rc1 Bxe3 30. fxe3 Kd7 31. Rc2 f5 32. Kf2 e4 33. Ke2 g5 34. g3 hxg3 35. hxg3 b6 36. Rc1 Rc5 37. Rd1+ Ke6 38. Rd2 Ke5 39. Kf2 f4 40. g4 Rc1 41. Re2 Rh1 0-1

[Event "EYCC O18-ch 2024"]
[Site "Prague"]
[Date "2024.08.22"]
[Round "1.12"]
[White "Michaeli, Omri"]
[Black "Soderstrom, Adrian"]
[Result "0-1"]
[ECO "C47"]
[WhiteElo "1983"]
[BlackElo "2318"]
[Annotator "ChessBase"]
[PlyCount "52"]
[EventDate "2024.08.19"]
[EventType "swiss"]
[EventCountry "CZE"]
[SourceTitle "playchess.com"]
[Source "ChessBase"]
[SourceQuality "1"]
[TimeControl "5400+30"]

1. e4 e5 2. Nf3 Nc6 3. Nc3 Nf6 4. a3 d5 5. Bb5 Nxe4 6. Nxe5 Qf6 7. Nf3 Be6 8. Qe2 Bd6 9. Nxe4 dxe4 10. Qxe4 O-O 11. O-O Bf5 12. Qa4 Ne5 13. Be2 Rfe8 14. Bd1 Bd7 15. Qb3 c5 16. Nxe5 Qxe5 17. Qg3 Qf6 18. Qf3 Qe5 19. Qg3 Qe7 20. f4 c4 21. d4 cxd3 22. Qxd3 Rad8 23. Qg3 Bb5 24. c4 Bxc4 25. Bd2 Bc5+ 26. Kh1 Rxd2 0-1

[Event "EYCC O18-ch 2024"]
[Site "Prague"]
[Date "2024.08.22"]
[Round "1.13"]
[White "Pidluznij, Gleb"]
[Black "Grgantov, Marin"]
[Result "1-0"]
[ECO "E04"]
[WhiteElo "2414"]
[BlackElo "2110"]
[Annotator "RC"]
[PlyCount "115"]
[EventDate "2024.08.19"]
[EventType "swiss"]
[EventCountry "CZE"]
[SourceTitle "playchess.com"]
[Source "ChessBase"]
[SourceQuality "1"]
[TimeControl "5400+30"]

1. d4 Nf6 2. c4 e6 3. g3 d5 4. Bg2 dxc4 5. Nf3 Nc6 6. Qa4 Nd7 7. Qxc4 Nb6 8. Qd3 e5 9. Nxe5 Nb4 10. Qd1 Qxd4 11. Qxd4 Nc2+ 12. Kd1 Nxd4 13. Be3 Ne6 14. Bxb6 axb6 15. Nc3 f6 16. Nc4 Kf7 17. e3 Bb4 18. Nd5 Rd8 19. Ke2 Bf8 20. Nc3 Nc5 21. Bd5+ Be6 22. Rhd1 Bxd5 23. Rxd5 Rxd5 24. Nxd5 Ne6 25. Nc3 Bb4 26. Nb5 Ke7 27. a3 c6 28. Rd1 Bc5 29. Nd4 Bxd4 30. exd4 Rd8 31. Ne3 g6 32. d5 Nc7 33. dxc6 Rxd1 34. Kxd1 bxc6 35. Kd2 Ke6 36. Kc3 Na6 37. f3 h5 38. a4 Kd6 39. Nc4+ Kc7 40. Nd2 Nc5 41. b3 Nd7 42. Ne4 c5 43. f4 Kc6 44. Kc4 f5 45. Ng5 Nf6 46. Nf3 Ng4 47. Nh4 Nxh2 48. Nxg6 Kd6 49. Nh4 Nf1 50. Nxf5+ Kc6 51. Kd3 b5 52. axb5+ Kxb5 53. Ke2 Nh2 54. Ne3 Kb4 55. f5 c4 56. bxc4 Kc5 57. f6 Kd6 58. c5+ 1-0

[Event "EYCC O18-ch 2024"]
[Site "Prague"]
[Date "2024.08.22"]
[Round "1.13"]
[White "Garcia Fernandez, Victor"]
[Black "Goncalves, Lucas Jordao"]
[Result "1-0"]
[ECO "D35"]
[WhiteElo "2313"]
[BlackElo "1981"]
[Annotator "RC"]
[PlyCount "85"]
[EventDate "2024.08.19"]
[EventType "swiss"]
[EventCountry "CZE"]
[SourceTitle "playchess.com"]
[Source "ChessBase"]
[SourceQuality "1"]
[TimeControl "5400+30"]

1. d4 d5 2. c4 e6 3. Nc3 Nf6 4. cxd5 exd5 5. Bg5 Be7 6. e3 O-O 7. Bd3 h6 8. Bh4 b6 9. Nf3 Bb7 10. O-O Nbd7 11. Rc1 Ne4 12. Bxe7 Qxe7 13. Ne2 c5 14. Nf4 c4 15. Bxe4 Qxe4 16. Qa4 Nf6 17. b3 cxb3 18. axb3 Qe7 19. Rc2 a6 20. Rfc1 Rfc8 21. Ne5 Rxc2 22. Rxc2 Rc8 23. Rxc8+ Bxc8 24. Qc6 Qb7 25. Qd6 a5 26. Qd8+ Kh7 27. Nxf7 Qxf7 28. Qxc8 Qe7 29. Qf5+ Kg8 30. Nxd5 Nxd5 31. Qxd5+ Kh8 32. h3 Qb4 33. Kh2 b5 34. Qe6 a4 35. bxa4 bxa4 36. d5 a3 37. d6 a2 38. d7 Qb8+ 39. g3 a1=Q 40. Qe8+ Qxe8 41. dxe8=Q+ Kh7 42. Qe4+ Kh8 43. Qf4 1-0

[Event "EYCC O18-ch 2024"]
[Site "Prague"]
[Date "2024.08.22"]
[Round "1.14"]
[White "Kovalskyi, Roman"]
[Black "Davtyan, Arsen"]
[Result "0-1"]
[ECO "C54"]
[WhiteElo "2108"]
[BlackElo "2402"]
[Annotator "RC"]
[PlyCount "42"]
[EventDate "2024.08.19"]
[EventType "swiss"]
[EventCountry "CZE"]
[SourceTitle "playchess.com"]
[Source "ChessBase"]
[SourceQuality "1"]
[TimeControl "5400+30"]

1. e4 e5 2. Nf3 Nc6 3. Bc4 Bc5 4. c3 Nf6 5. d3 d6 6. O-O a5 7. a4 O-O 8. Nbd2 Ba7 9. Re1 Ng4 10. Re2 Kh8 11. h3 f5 12. exf5 Nh6 13. g4 d5 14. Bb3 Nxf5 15. Kg2 Nh4+ 16. Nxh4 Qxh4 17. Bxd5 Bxg4 18. hxg4 Qxg4+ 19. Kf1 Rxf2+ 20. Ke1 Qg1+ 21. Nf1 Rxf1+ 0-1

[Event "EYCC O18-ch 2024"]
[Site "Prague"]
[Date "2024.08.22"]
[Round "1.14"]
[White "Zajakins, Artjoms"]
[Black "Serrano Almendros, Angel"]
[Result "1/2-1/2"]
[ECO "D35"]
[WhiteElo "1981"]
[BlackElo "2310"]
[Annotator "RC"]
[PlyCount "67"]
[EventDate "2024.08.19"]
[EventType "swiss"]
[EventCountry "CZE"]
[SourceTitle "playchess.com"]
[Source "ChessBase"]
[SourceQuality "1"]
[TimeControl "5400+30"]

1. d4 d5 2. c4 e6 3. Nc3 Nf6 4. cxd5 exd5 5. Bg5 c6 6. e3 Be6 7. Qb3 b6 8. Nf3 Be7 9. Be2 O-O 10. h3 Ne4 11. Bf4 b5 12. O-O Nd7 13. Qc2 Nxc3 14. Qxc3 Rc8 15. Rfc1 Bf5 16. Bd3 Be4 17. Bxe4 dxe4 18. Ne5 Nxe5 19. Bxe5 Qd7 20. Qb3 Rfd8 21. Rc2 a5 22. a4 Bb4 23. Rac1 h6 24. axb5 cxb5 25. Rxc8 Rxc8 26. Rxc8+ Qxc8 27. Qd5 Qc1+ 28. Kh2 Qxb2 29. Qa8+ Kh7 30. Qxe4+ Kg8 31. Qa8+ Kh7 32. Qe4+ Kg8 33. Qa8+ Kh7 34. Qe4+ 1/2-1/2

[Event "EYCC O18-ch 2024"]
[Site "Prague"]
[Date "2024.08.22"]
[Round "1.15"]
[White "Pasztor, Balazs"]
[Black "Rak, Martin"]
[Result "1-0"]
[ECO "C70"]
[WhiteElo "2402"]
[BlackElo "2104"]
[Annotator "RC"]
[PlyCount "79"]
[EventDate "2024.08.19"]
[EventType "swiss"]
[EventCountry "CZE"]
[SourceTitle "playchess.com"]
[Source "ChessBase"]
[SourceQuality "1"]
[TimeControl "5400+30"]

1. e4 e5 2. Nf3 Nc6 3. Bb5 a6 4. Ba4 Bc5 5. c3 Nge7 6. d4 exd4 7. cxd4 Bb4+ 8. Bd2 Bxd2+ 9. Qxd2 d5 10. exd5 Nxd5 11. Bxc6+ bxc6 12. O-O O-O 13. Ne5 Ne7 14. Nc3 Be6 15. Rad1 f6 16. Nd3 Bg4 17. Rde1 Qd6 18. Nc5 Ng6 19. Qd3 a5 20. h3 Bc8 21. Re3 Rb8 22. N5e4 Qd7 23. b3 Rb4 24. Rd1 Rd8 25. Nc5 Qf7 26. Qe4 f5 27. Qxc6 f4 28. Ree1 f3 29. Nd5 Rxd5 30. Re8+ Nf8 31. Rxc8 Rd6 32. Qa8 fxg2 33. d5 Rf4 34. Ne6 Rxe6 35. dxe6 Qxe6 36. Qd5 Qxd5 37. Rxd5 a4 38. bxa4 Rxa4 39. Rdd8 Rf4 40. Rxc7 1-0

[Event "EYCC O18-ch 2024"]
[Site "Prague"]
[Date "2024.08.22"]
[Round "1.15"]
[White "Ribera Veganzones, Serni"]
[Black "Janik, Marek Tobias"]
[Result "1-0"]
[ECO "C42"]
[WhiteElo "2309"]
[BlackElo "1978"]
[Annotator "RC"]
[PlyCount "80"]
[EventDate "2024.08.19"]
[EventType "swiss"]
[EventCountry "CZE"]
[SourceTitle "playchess.com"]
[Source "ChessBase"]
[SourceQuality "1"]
[TimeControl "5400+30"]

1. e4 e5 2. Nf3 Nf6 3. Nxe5 d6 4. Nf3 Nxe4 5. Nc3 Nxc3 6. dxc3 Be7 7. Be3 O-O 8. Qd2 Nd7 9. O-O-O Nf6 10. Bd3 c5 11. Rhe1 Be6 12. Bg5 Qa5 13. Qf4 Qxa2 14. Qh4 h6 15. Bxh6 Rfe8 16. Bxg7 Kxg7 17. Qg5+ Kf8 18. Qh6+ Kg8 19. Rxe6 Qxe6 20. Re1 Ne4 21. Qxe6 fxe6 22. Bxe4 Bf6 23. Bxb7 Rab8 24. Bc6 Re7 25. Re3 Kf7 26. b3 d5 27. g4 Rc7 28. Ba4 Rh8 29. g5 Bg7 30. h4 Ke7 31. Kd2 Kd6 32. Ke2 e5 33. c4 d4 34. Re4 Rf7 35. g6 Rf5 36. Ng5 Rg8 37. Rg4 Rf4 38. Rxf4 exf4 39. h5 Ke5 40. Kf3 Rf8 1-0

[Event "EYCC O18-ch 2024"]
[Site "Prague"]
[Date "2024.08.22"]
[Round "1.16"]
[White "Almeida, Joao Pedro Dias"]
[Black "Talibov, Shiroghlan"]
[Result "0-1"]
[ECO "B41"]
[WhiteElo "2086"]
[BlackElo "2395"]
[Annotator "RC"]
[PlyCount "60"]
[EventDate "2024.08.19"]
[EventType "swiss"]
[EventCountry "CZE"]
[SourceTitle "playchess.com"]
[Source "ChessBase"]
[SourceQuality "1"]
[TimeControl "5400+30"]

1. e4 c5 2. Nf3 e6 3. d4 cxd4 4. Nxd4 a6 5. c4 Nf6 6. Nc3 Qc7 7. a3 b6 8. Be3 Bb7 9. f3 Be7 10. Be2 d6 11. O-O Nbd7 12. Qd2 O-O 13. Rfc1 Rac8 14. a4 Qb8 15. Qe1 Rfe8 16. g4 h6 17. h4 d5 18. g5 hxg5 19. hxg5 Nh7 20. g6 fxg6 21. cxd5 exd5 22. Nxd5 Bxd5 23. exd5 Bc5 24. Bxa6 Rxe3 25. Qxe3 Re8 26. Qf2 Bxd4 27. Qxd4 Qg3+ 28. Kh1 Re5 29. Rc8+ Kf7 30. Qxe5 Nxe5 0-1

[Event "EYCC O18-ch 2024"]
[Site "Prague"]
[Date "2024.08.22"]
[Round "1.16"]
[White "Omarsson, Adam"]
[Black "Dehtiarov, Roman"]
[Result "0-1"]
[ECO "E45"]
[WhiteElo "1970"]
[BlackElo "2308"]
[Annotator "RC"]
[PlyCount "116"]
[EventDate "2024.08.19"]
[EventType "swiss"]
[EventCountry "CZE"]
[SourceTitle "playchess.com"]
[Source "ChessBase"]
[SourceQuality "1"]
[TimeControl "5400+30"]

1. d4 Nf6 2. c4 e6 3. Nc3 Bb4 4. e3 b6 5. Nge2 Ba6 6. a3 Bxc3+ 7. Nxc3 d5 8. b3 O-O 9. Be2 c5 10. dxc5 dxc4 11. Qxd8 Rxd8 12. bxc4 Nbd7 13. cxb6 axb6 14. Nb5 Rac8 15. Bb2 Nc5 16. Bxf6 gxf6 17. Na7 Rc7 18. Nb5 Bxb5 19. cxb5 Nb3 20. Rd1 Rxd1+ 21. Bxd1 Rc1 22. Ke2 Ra1 23. Re1 Rxa3 24. Bc2 Nc5 25. f3 f5 26. Rd1 Ra5 27. Rb1 Kg7 28. Kd2 Kf6 29. Rb4 Ra1 30. Bb1 Ke5 31. Kc2 Ra3 32. Kd2 Ra4 33. Kc3 Rxb4 34. Kxb4 h5 35. g3 h4 36. f4+ Kf6 37. Kc4 hxg3 38. hxg3 Ke7 39. Bc2 Kd6 40. Kd4 f6 41. Kc4 Nb7 42. e4 fxe4 43. Bxe4 Nc5 44. Bf3 e5 45. Bd5 f5 46. Bc6 exf4 47. gxf4 Ne6 48. Kd3 Nxf4+ 49. Kc4 Ne6 50. Bb7 Ke5 51. Bc6 Nd4 52. Be8 Ne6 53. Kd3 Kf4 54. Bc6 Kg3 55. Ke2 f4 56. Kf1 f3 57. Bd5 Nd4 58. Bc6 Nf5 0-1

[Event "EYCC O18-ch 2024"]
[Site "Prague"]
[Date "2024.08.22"]
[Round "1.17"]
[White "Belkaid, Sohan"]
[Black "Maldonado Mena, German"]
[Result "1-0"]
[ECO "B36"]
[WhiteElo "2384"]
[BlackElo "2073"]
[Annotator "RC"]
[PlyCount "73"]
[EventDate "2024.08.19"]
[EventType "swiss"]
[EventCountry "CZE"]
[SourceTitle "playchess.com"]
[Source "ChessBase"]
[SourceQuality "1"]
[TimeControl "5400+30"]

1. e4 c5 2. Nf3 Nc6 3. d4 cxd4 4. Nxd4 g6 5. c4 Nf6 6. Nc3 d6 7. Be2 Nxd4 8. Qxd4 Bg7 9. Bd2 O-O 10. Qe3 Qb6 11. Qxb6 axb6 12. O-O Be6 13. Rfc1 Rfc8 14. b3 Nd7 15. a4 Nc5 16. Rab1 Bxc3 17. Bxc3 Nxe4 18. Bd4 Nc5 19. h4 Bf5 20. Rb2 e5 21. Be3 Bd7 22. Rd1 Nxb3 23. Rxb3 Bxa4 24. Rbb1 Bxd1 25. Rxd1 Rc6 26. Bf3 Rxc4 27. Rxd6 Rxh4 28. g3 Ra1+ 29. Kg2 Rhh1 30. Bd5 Rad1 31. Rd8+ Kg7 32. Rd7 Kf8 33. Rxf7+ Ke8 34. Rxb7 Rhg1+ 35. Kh2 Rb1 36. Bc6+ Kd8 37. Be4 1-0

[Event "EYCC O18-ch 2024"]
[Site "Prague"]
[Date "2024.08.22"]
[Round "1.18"]
[White "Anacak, Hasan Gunes"]
[Black "Elmi, Saad Abobaker"]
[Result "0-1"]
[ECO "B51"]
[WhiteElo "2071"]
[BlackElo "2383"]
[Annotator "RC"]
[PlyCount "78"]
[EventDate "2024.08.19"]
[EventType "swiss"]
[EventCountry "CZE"]
[SourceTitle "playchess.com"]
[Source "ChessBase"]
[SourceQuality "1"]
[TimeControl "5400+30"]

1. e4 c5 2. Nf3 d6 3. Bb5+ Nc6 4. O-O Bd7 5. Re1 a6 6. Bf1 Nf6 7. c3 Bg4 8. h3 Bxf3 9. Qxf3 g6 10. d3 Bg7 11. g4 O-O 12. Bg2 Nd7 13. Qg3 Rc8 14. Qh4 b5 15. Bh6 b4 16. Bxg7 Kxg7 17. Nd2 Nde5 18. Qg3 g5 19. h4 h6 20. h5 Qd7 21. Bh3 Rb8 22. Rf1 bxc3 23. bxc3 Rb2 24. Rad1 Qa7 25. Kh1 Nd8 26. f4 gxf4 27. Rxf4 Ne6 28. Rf5 Ng5 29. Qe3 f6 30. Nf1 Rxa2 31. d4 cxd4 32. cxd4 Nef7 33. Qb3 Re2 34. Ng3 Rb8 35. Qa4 Reb2 36. Bg2 e6 37. Ra5 R8b4 38. Qa1 Qb8 39. Qc1 Rb1 0-1

[Event "EYCC O18-ch 2024"]
[Site "Prague"]
[Date "2024.08.23"]
[Round "2.1"]
[White "Dehtiarov, Roman"]
[Black "Sokolovsky, Yahli"]
[Result "0-1"]
[ECO "B92"]
[WhiteElo "2308"]
[BlackElo "2522"]
[Annotator "TA"]
[PlyCount "142"]
[EventDate "2024.08.19"]
[EventType "swiss"]
[EventCountry "CZE"]
[SourceTitle "playchess.com"]
[Source "ChessBase"]
[SourceQuality "1"]
[TimeControl "5400+30"]

1. e4 c5 2. Nf3 d6 3. d4 cxd4 4. Nxd4 Nf6 5. Nc3 a6 6. Be2 e5 7. Nb3 Be7 8. Be3 Be6 9. O-O O-O 10. Qd2 Nbd7 11. a4 Rc8 {[%emt 0:00:38] 11...Rc8 was played by the boomers.} 12. a5 Qc7 13. Rfd1 h6 {[%emt 0:00:27] B92: Sicilian Najdorf: 6 Be2.} 14. Nc1 Rfe8 15. Nd3 Ng4 $146 ({Predecessor:} 15... b6 16. Nb4 bxa5 17. Nbd5 Bxd5 18. exd5 Rb8 19. Ra2 Nc5 20. Rda1 Bd8 21. b3 Qc8 {½-½ Mostowik,D (2299)-Ilonen,I (2324) NED 50 YEARS-C email 2016}) 16. Bxg4 Bxg4 17. f3 Be6 18. Nb4 Bf8 19. Nbd5 Qc6 20. Ra4 Bxd5 21. Qxd5 Qxd5 22. Rxd5 Rc7 23. Rd2 Rec8 24. Kf1 Nf6 25. Ke2 Be7 26. g4 Rc4 27. Rxc4 Rxc4 28. Kd3 Rc8 29. g5 (29. h4 $16) 29... hxg5 $14 30. Bxg5 g6 31. Bxf6 Bxf6 32. Nd5 Kg7 33. b4 Rh8 34. Rg2 Rh3 35. Ke2 ({Much worse is} 35. Rg3 Rxh2 36. c3 Rh1 $17) 35... Bd8 36. c4 Kf8 37. Ne3 Ke7 38. Nd5+ Kd7 39. Ke3 Kc6 40. Ke2 Rh5 41. Kd3 Kd7 42. Ke2 Ke6 43. Ke3 Bg5+ 44. Kd3 Bd8 45. Ke3 Rh6 46. Ke2 f5 47. Ne3 f4 48. Nd5 Kf7 49. Kf2 Rh3 50. Nc3 Bh4+ 51. Ke2 g5 52. Nd1 $2 (52. Nd5 $11 {and White is okay.}) 52... g4 $1 $19 53. Rxg4 Rxh2+ 54. Kf1 Bg3 55. Nc3 $2 (55. Rg5 {is a better defense.}) 55... Rf2+ $19 56. Kg1 Rxf3 57. Nd5 Rd3 58. Rg5 Rd4 59. Rf5+ Kg6 60. Ne7+ Kg7 61. c5 dxc5 ({Less strong is} 61... Rxb4 62. cxd6 Rxe4 63. Nd5 $17) 62. bxc5 Rxe4 63. c6 bxc6 64. Nxc6 Re1+ 65. Kg2 e4 66. Ne5 Ra1 67. Rf7+ Kh6 68. Rf5 Ra2+ (68... Rxa5 $2 69. Ng4+ Kg6 70. Rxa5 $18) 69. Kg1 f3 (69... Rxa5 $2 {loses.} 70. Ng4+ Kg6 71. Rxa5 $18) 70. Nxf3 exf3 71. Rxf3 Be5 0-1

[Event "EYCC O18-ch 2024"]
[Site "Prague"]
[Date "2024.08.23"]
[Round "2.1"]
[White "Xhembulla, Aleksander"]
[Black "Piliposyan, Robert"]
[Result "1/2-1/2"]
[ECO "C58"]
[WhiteElo "2201"]
[BlackElo "2376"]
[Annotator "ChessBase"]
[PlyCount "67"]
[EventDate "2024.08.19"]
[EventType "swiss"]
[EventCountry "CZE"]
[SourceTitle "playchess.com"]
[Source "ChessBase"]
[SourceQuality "1"]
[TimeControl "5400+30"]

1. e4 e5 2. Nf3 Nc6 3. Bc4 Nf6 4. Ng5 d5 5. exd5 Na5 6. Bb5+ Bd7 7. Qe2 Be7 8. Nf3 Nxd5 9. Bxd7+ Qxd7 10. Nxe5 Qf5 11. O-O O-O 12. d4 Bd6 13. Qf3 Qe6 14. Nd3 Rad8 15. Re1 Qg6 16. Nd2 b5 17. Nf1 c6 18. Ne3 Ne7 19. a4 Nb3 20. cxb3 Qxd3 21. Qd1 Qxd1 22. Rxd1 a6 23. Bd2 f5 24. axb5 axb5 25. Ra6 f4 26. Nc2 Ra8 27. Rda1 Rxa6 28. Rxa6 f3 29. Bb4 Bxb4 30. Nxb4 Rf6 31. gxf3 Rxf3 32. Nxc6 Nxc6 33. Rxc6 Rxb3 34. Rc2 1/2-1/2